 Dungeon Crawl Stone Soup version 0.32-a0-938-g40ac7a0f4d (webtiles) character file.

Game seed: 17384031400026146723

314 Daunt the Slasher (level 6, -2/44 HPs)
             Began as a Coglin Gladiator on Apr 15, 2024.
             Slain by a steam dragon (4 damage)
             ... on level 4 of the Dungeon.
             The game lasted 00:07:36 (2921 turns).

Daunt the Slasher (Coglin Gladiator)                Turns: 2921, Time: 00:07:37

Health: -2/44      AC:  9    Str: 14    XL:     6   Next: 43%
Magic:  6/6        EV:  6    Int:  8    God:
Gold:   228        SH:  0    Dex: 19    Spells: 5/5 levels left

rFire   . . .        a - +0 long sword {Aylmer}
rCold   . . .        v - +7 dagger of Regicide {freeze, rElec Dex+2}
rNeg    . . .        r - +0 chain mail
rPois   .            c - +0 helmet
rElec   +            (no cloak)
rCorr   .            (no gloves)
SInv    .            (no boots)
Will    .....        (amulet unavailable) Stlth
                     (ring unavailable)
HPRegen 0.27/turn    (ring unavailable)
MPRegen 0.10/turn    (no gizmo)

%: no passive effects
@: revving
A: off-hand wielding, slow wielding, warmup strikes, no jewellery
a: Invent Gizmo


You were on level 4 of the Dungeon.
You visited 1 branch of the dungeon, and saw 4 of its levels.

You collected 228 gold pieces.

Inventory:

Hand Weapons
 a - a +0 long sword (weapon) {Aylmer}
 f - a +0 dagger {Kulveer}
 v - the +7 dagger of Regicide (offhand) {freeze, rElec Dex+2}
   (You found it on level 3 of the Dungeon)

   Dex+2:     It affects your dexterity (+2).
   rElec:     It insulates you from electricity.
 y - a +0 falchion
Missiles
 d - 5 throwing nets
 e - a javelin
 g - 19 stones (quivered)
Armour
 b - a +0 leather armour
 c - a +0 helmet (worn)
 r - a +0 chain mail (worn)
Wands
 q - a wand of polymorph (3)
Scrolls
 h - 4 scrolls of enchant armour {unknown}
 j - a scroll of blinking {unknown}
 k - a scroll of fear {unknown}
 l - a scroll of revelation {unknown}
 p - 2 scrolls of silence {unknown}
 t - a scroll of teleportation {unknown}
 w - 2 scrolls of butterflies {unknown}
 x - a scroll of immolation {unknown}
 z - a scroll of amnesia {unknown}
Potions
 i - a potion of resistance {unknown}
 m - a potion of ambrosia {unknown}
 n - a potion of haste {unknown}
 o - a potion of degeneration {unknown}
 s - a potion of enlightenment {unknown}
 u - a potion of curing {unknown}


   Skills:
 - Level 2.0 Fighting
 + Level 2.2(4.3) Short Blades
 + Level 6.4(6.7) Long Blades
 - Level 1.7 Throwing
 - Level 2.6 Dodging


You had 5 spell levels left.
You didn't know any spells.
Your spell library was empty.

Dungeon Overview and Level Annotations

Branches:
Dungeon (4/15)
 Temple: D:4-7

Altars:


Innate Abilities, Weirdness & Mutations

You can wield a second weapon in your off-hand.
It takes a long time for you to wield or remove held weapons.
Your first few attacks do less damage.
You cannot equip rings or amulets.


Message History

You see here a +0 club.
You now have 228 gold pieces (gained 9).
A water moccasin comes into view.
Aiming: Polymorph
Press: ? - help, Shift-Dir - straight line, f - water moccasin
Aim: a water moccasin (will become a steam dragon, an iguana, or a sky beast, chance to affect: 49%)
The water moccasin resists with some effort.
Aiming: Polymorph
Press: ? - help, Shift-Dir - straight line, f/p - water moccasin
Aim: a water moccasin (will become a steam dragon, an iguana, or a sky beast, chance to affect: 49%)
The water moccasin evaporates and reforms as a steam dragon!
You hit the steam dragon but do no damage.
You hit the steam dragon with the +7 dagger of Regicide.
You freeze the steam dragon. The steam dragon breathes steam at you.
The ball of steam hits you!!
Ouch! That really hurt!
You hit the steam dragon with the +7 dagger of Regicide.
You freeze the steam dragon.
The steam dragon is moderately wounded.
You hit the steam dragon with your +0 long sword.
You are engulfed in a cloud of scalding steam.
The steam dragon bites you.
The steam dragon claws you but does no damage.
You barely miss the steam dragon with the +7 dagger of Regicide.
The steam dragon is moderately wounded.
You closely miss the steam dragon with your +0 long sword.
You are engulfed in a cloud of scalding steam.
* * * LOW HITPOINT WARNING * * *
The steam dragon bites you but does no damage.
The steam dragon claws you but does no damage.
You hit the steam dragon with your +0 long sword.
The steam dragon is heavily wounded.
You hit the steam dragon with the +7 dagger of Regicide.
You freeze the steam dragon.
You are engulfed in a cloud of scalding steam.
* * * LOW HITPOINT WARNING * * *
The steam dragon bites you but does no damage.
The steam dragon claws you.
You die...

.##.##.# .##.##.#
.##.##.# ###.##.# #.##.#
###.##.# .# ..#.##)# ...
#.#.##.# #.##########
#.<.##.#####.#ยงยง@D....#
#...##.....#.#.######.#
#...##..##.#.#.#....#
.....#..##.#.#.#.##.#
#....#..#....#......#
........#....#.######.
##.##.>.#.............
##.####.#....#.#######
...................#


You could see a steam dragon (catching breath).

Vanquished Creatures
  A scorpion (D:4)
  2 bombardier beetles
  A sleepcap (D:4)
  Terence (D:2)
  3 gnolls (D:4)
  2 adders (D:3)
  A dart slug (D:1)
  3 ribbon worms
  6 ball pythons
  11 endoplasms
  A giant cockroach (D:1)
  10 hobgoblins
  4 jackals (D:1)
  3 quokkas
  5 bats
  3 frilled lizards
  8 goblins
  7 kobolds
  7 rats
79 creatures vanquished.

Notes
Turn   | Place    | Note
-------+----------+-------------------------------------------
     0 | D:1      | Daunt the Coglin Gladiator began the quest for the Orb.
     0 | D:1      | Reached XP level 1. HP: 16/16 MP: 1/1
     6 | D:1      | Noticed a killer bee
     6 | D:1      | Noticed a black bear
     6 | D:1      | Noticed a mana viper
     7 | D:1      | Noticed a lindwurm
     7 | D:1      | Noticed a hog
    66 | D:1      | Reached XP level 2. HP: 18/22 MP: 2/2
   130 | D:1      | Reached skill level 4 in Long Blades
   146 | D:1      | Reached XP level 3. HP: 24/27 MP: 3/3
   266 | D:1      | Found a faded altar of an unknown god.
   776 | D:2      | Identified the staff of Exquisite Torment {rN+ Necro
                  | Alchemy}
   880 | D:2      | Reached skill level 5 in Long Blades
   880 | D:2      | Reached XP level 4. HP: 32/33 MP: 4/4
   965 | D:2      | Noticed Terence
   980 | D:2      | Killed Terence
   981 | D:2      | Reached XP level 5. HP: 12/38 MP: 5/5
  1749 | D:3      | Identified the +7 dagger of Regicide {freeze, rElec Dex+2}
  2602 | D:4      | Noticed a black bear
  2690 | D:4      | Reached skill level 1 in Short Blades
  2690 | D:4      | Reached skill level 6 in Long Blades
  2793 | D:4      | Reached XP level 6. HP: 44/44 MP: 6/6
  2914 | D:4      | Noticed a water moccasin
  2916 | D:4      | a water moccasin changed into a steam dragon
  2916 | D:4      | Noticed a steam dragon
  2921 | D:4      | HP: 2/44 [steam dragon] (6)]
  2921 | D:4      | Slain by a steam dragon

Illustrated notes

Levels and vault maps discovered:
D:1:      onia_arrival_zoo_common, layout_rooms,
          shapermc_ecumenical_altar_flowoftime, bh_walls_and_bars
D:2:      layout_basic, chequers_mini_garden, uniq_terence
D:3:      layout_basic, kennysheep_doodads
D:4:      layout_basic

Skill      XL: |  1  2  3  4  5  6 |
---------------+-------------------+-----
Long Blades    | 4 5 6 |  6.4
Short Blades   | 1 2 |  2.2
Fighting       | |  2.0
Throwing       | |  1.7
Dodging        | |  2.6

Action                     |  1- 3 |  4- 6 || total
---------------------------+-------+-------++-------
  Melee: Long sword        |    97 |    88 ||   185
         Dagger            |    85 |    89 ||   174
  Throw: Stone             |       |     3 ||     3
  Evoke: Wand              |       |     2 ||     2
 Armour: Leather armour    |    47 |    11 ||    58
         Skin              |       |    26 ||    26
         Chain mail        |       |    43 ||    43
  Dodge: Dodged            |    44 |    17 ||    61

Table legend: (Time is in decaauts)
 A = Elapsed time spent in this place.
 B = Non-inter-level travel time spent in this place.
 C = Inter-level travel time spent in this place.
 D = Time resting spent in this place.
 E = Time spent auto-exploring this place.
 F = Levels seen in this place.
 G = Mean time per level.
                   A        B        C        D        E       F      G
               +--------+--------+--------+--------+--------+-----+--------+
         Total |   2923 |   2821 |    102 |      0 |   2230 |   4 |  730.8 |
       Dungeon |   2923 |   2821 |    102 |      0 |   2230 |   4 |  730.8 |
               +--------+--------+--------+--------+--------+-----+--------+

Top non-repeatable levels by time:
     D:3: 963 daAuts
     D:2: 754 daAuts
     D:1: 732 daAuts
     D:4: 472 daAuts
